 Dungeon Crawl Stone Soup version 0.26.1-11-gd32895ea62 (webtiles) character file.

Game seed: 3750506430423386240

197 Fusha the Sneak (level 6, 0/46 HPs)
             Began as a Human Brigand on June 6, 2021.
             Killed by divine providence
             ... invoked by an orc priest
              (12 damage)
             ... on level 3 of the Dungeon.
             The game lasted 00:10:02 (4544 turns).

Fusha the Sneak (Human Brigand)                     Turns: 4544, Time: 00:10:03

Health: 0/46       AC:  6    Str:  7    XL:     6   Next: 5%
Magic:  6/6        EV: 12    Int: 11    God:
Gold:   141        SH:  0    Dex: 17    Spells: 5/5 levels left

rFire    . . .     SeeInvis .   a - +2 dagger
rCold    . . .     Faith    .   (no shield)
rNeg     . . .     Spirit   .   f - +0 leather armour
rPois    .         Reflect  .   (no helmet)
rElec    .         Harm     .   i - +2 cloak {Will+}
rCorr    .         Rampage  .   (no gloves)
Will     +....                  (no boots)
Stlth    ++........             l - amulet of inaccuracy (curse)
HPRegen  0.15/turn              g - ring of attention (curse)
MPRegen  0.10/turn              h - -4 ring of strength (curse)

@: no status effects
A: no striking features
a: no special abilities


You were on level 3 of the Dungeon.
You visited 1 branch of the dungeon, and saw 4 of its levels.

You collected 141 gold pieces.

Inventory:

Hand Weapons
 a - a +2 dagger (weapon)
 j - a +0 rapier
Missiles
 d - 4 poisoned darts (quivered)
 e - 2 curare-tipped darts {!Q}
Armour
 b - a +0 robe
 c - a +0 cloak
 f - a +0 leather armour (worn)
 i - a +2 cloak of willpower (worn)
Jewellery
 g - a cursed ring of attention (left hand)
 h - a cursed -4 ring of strength (right hand)
 l - a cursed amulet of inaccuracy (around neck)
Scrolls
 n - a scroll of enchant armour {unknown}
Potions
 k - a potion of heal wounds {unknown}


   Skills:
 + Level 2.9 Fighting
 + Level 3.1 Short Blades
 + Level 2.5 Throwing
 + Level 2.0 Armour
 + Level 1.9 Dodging
 + Level 4.8 Stealth


You had 5 spell levels left.
You didn't know any spells.
Your spell library was empty.

Dungeon Overview and Level Annotations

Branches:
Dungeon (4/15)
 Temple: D:4-7

Altars:


Message History

The poisoned dart closely misses the orc priest.
The poisoned dart hits the orc.
The orc looks even sicker.
The orc is moderately wounded.
The orc priest invokes the aid of Beogh against you.
Beogh smites you!
* * * LOW HITPOINT WARNING * * *
You feel better.
The orc priest looks braver for a moment.
The orc hits you but does no damage.
The orc priest looks more healthy.
You kill the orc!
Throw: 5 darts (poison)
Press: ? - help, Q - select action Shift-Dir - straight line, f - orc priest
Aim: an orc priest, wielding a +0 flail (severely wounded, 44% to hit)
You throw a poisoned dart. The poisoned dart hits the orc priest.
The orc priest is poisoned.
The orc priest is severely wounded.
The orc priest mumbles some strange prayers to Beogh against you.
Beogh smites you!
You die...

##################
......†.......>..#
#############(##.#
#(##o# # #[##.#
#### #.##@# ...
#.##.# .#######
#....# .#....<#
#.(### .#.##..#
#.$# ....#..# #..#
.....†.# #o....#
##...<.# ####.##
###.### #.#


You could see an orc priest (poisoned).

Vanquished Creatures
  Crazy Yiuf (D:2)
  Natasha (thrice) (D:2)
  3 gnolls (D:2)
  2 dart slugs
  A leopard gecko (D:1)
  5 orcs
  5 bats
  2 giant cockroaches
  12 hobgoblins
  6 jackals
  5 kobolds
  2 frilled lizards
  5 goblins
  3 rats
55 creatures vanquished.

Vanquished Creatures (others)
  7 plants (D:2)
7 creatures vanquished.

Grand Total: 62 creatures vanquished

Notes
Turn   | Place    | Note
-------+----------+-------------------------------------------
     0 | D:1      | Fusha the Human Brigand began the quest for the Orb.
     0 | D:1      | Reached XP level 1. HP: 16/16 MP: 1/1
   327 | D:1      | Reached XP level 2. HP: 12/22 MP: 2/2
  1135 | D:1      | Reached XP level 3. HP: 23/28 MP: 3/3
  1658 | D:2      | Reached XP level 4. HP: 31/34 MP: 4/4
  2207 | D:2      | Noticed Natasha
  2225 | D:2      | Killed Natasha
  2226 | D:2      | Reached skill level 1 in Armour
  2257 | D:2      | Noticed Natasha
  2267 | D:2      | Killed Natasha
  2268 | D:2      | Reached XP level 5. HP: 18/39 MP: 5/5
  2341 | D:2      | Noticed Natasha
  2887 | D:2      | Found a runed translucent door.
  2888 | D:2      | Noticed Crazy Yiuf
  3288 | D:2      | Killed Crazy Yiuf
  3862 | D:2      | Killed Natasha
  4210 | D:3      | Reached XP level 6. HP: 40/46 MP: 6/6
  4538 | D:3      | HP: 1/46 [orc priest/divine providence (15)]
  4544 | D:3      | Killed from afar by an orc priest

Illustrated notes

Levels and vault maps discovered:
D:1:      dpeg_arrival_morbid_curiosity, layout_loops_ring, nrook_uturn,
          kennysheep_minor_cross, minmay_misc_feat_four_crosses
D:2:      layout_basic, serial_forest, infiniplex_forest_clump_long,
          infiniplex_forest_zigzag_2, infiniplex_forest_lined_3,
          infiniplex_forest_clump_C, infiniplex_forest_clump_long,
          infiniplex_forest_straight_1, infiniplex_forest_end_2,
          infiniplex_forest_straight_4, infiniplex_forest_zigzag_1,
          uniq_natasha, uniq_crazy_yiuf_cottage
D:3:      layout_basic, chequers_temple_overflow_statue_of_worship,
          minmay_cut_off
D:4:      layout_layer_cave, uniq_robin, uniq_menkaure

Skill      XL: |  1  2  3  4  5  6 |
---------------+-------------------+-----
Armour         | 1 2 |  2.0
Short Blades   | 3 |  3.1
Fighting       | |  2.9
Throwing       | |  2.5
Dodging        | |  1.9
Stealth        | |  4.8

Action                   |  1- 3 |  4- 6 || total
-------------------------+-------+-------++-------
Melee: Dagger            |    83 |   134 ||   217
Throw: Dart              |     5 |    37 ||    42
  Use: Scroll            |       |     4 ||     4
       Potion            |       |     2 ||     2
 Stab: Sleeping          |     3 |     3 ||     6
       Distracted        |     1 |       ||     1
Armor: Robe              |     4 |       ||     4
       Leather armour    |    14 |    35 ||    49
Dodge: Dodged            |    43 |    74 ||   117
